[Event "Titled Tuesday Blitz July 26 Late 2022"]
[White "Krishnan, Varun"]
[Black "Toncheva, Nadya"]
[WhiteFideId "5054508"]
[BlackFideId "2924056"]
[WhiteElo "2725"]
[BlackElo "1888"]
[Result "1/2-1/2"]
[Round "04"]
[TimeControl "180+1"]
[Date "2022.07.26"]
[WhiteClock "0:00:07"]
[BlackClock "0:00:03"]

1. d4 d5 2. c4 dxc4 3. Nf3 Nf6 4. e3 Bg4 5. Bxc4 e6 6. O-O a6 7. Nc3 Nc6 8. h3 Bh5 9. Be2 Bd6 10. a3 O-O 11. b4 Re8 12. Bb2 Qe7 13. Rc1 Rad8 14. Qb3 Bg6 15. Rfd1 e5 16. Na4 exd4 17. Nxd4 Nxd4 18. Bxd4 Ne4 19. Nc5 Bxc5 20. bxc5 Qh4 21. Rf1 Nd2 22. Qxb7 Nxf1 23. Bxf1 Qe7 24. Bxa6 Be4 25. Qb4 Ra8 26. Bf1 Reb8 27. Qc3 f6 28. Bd3 Bd5 29. Qc2 h6 30. Bc4 Qe6 31. Bxd5 Qxd5 32. Ra1 Qb3 33. Qg6 Qf7 34. Qe4 Ra4 35. Qc6 Rba8 36. Rb1 Rxa3 37. Rb7 R3a7 38. Rxa7 Rxa7 39. Qe4 Ra2 40. c6 Ra3 41. Qf5 Ra4 42. Qc8+ Kh7 43. Qf5+ Kg8 44. Qb5 Rc4 45. Qb8+ Kh7 46. Qb1+ Kg8 47. Qe4 Rc1+ 48. Kh2 Qc4 49. Qe8+ Kh7 50. Qe4+ Kg8 51. Qe8+ Kh7 52. Qe4+ Kg8 1/2-1/2


[Site "https://www.chess.com"]

[Event "Titled Tuesday Blitz July 26 Late 2022"]
[White "Krstulovic, Alex"]
[Black "Wang, Isaac"]
[WhiteFideId "760056"]
[BlackFideId "30977185"]
[WhiteElo "2244"]
[BlackElo "2374"]
[Result "1-0"]
[Round "04"]
[TimeControl "180+1"]
[Date "2022.07.27"]
[WhiteClock "0:00:10"]
[BlackClock "0:00:07"]

1. e4 c5 2. Nf3 Nc6 3. d4 cxd4 4. Nxd4 Nf6 5. Nc3 e5 6. Ndb5 d6 7. Bg5 a6 8. Na3 b5 9. Nd5 Be7 10. Bxf6 Bxf6 11. c4 b4 12. Nc2 O-O 13. h4 a5 14. Nce3 Nd4 15. Bd3 Be6 16. Rc1 g6 17. h5 Bg5 18. Be2 Rc8 19. Bg4 f5 20. Bh3 Bxd5 21. Nxd5 Bxc1 22. Qxc1 f4 23. hxg6 Rc5 24. gxh7+ Kh8 25. Qd1 Rxc4 26. O-O Qg5 27. Qd3 Rc5 28. Qa6 Rc6 29. Qxa5 b3 30. a4 Ne2+ 31. Kh2 Ng3 32. Re1 Nh5 33. Qb5 Rc2 34. Qb6 Rxb2 35. Qxd6 Qg7 36. Ne7 Rxf2 37. Nf5 Rxf5 38. exf5 Qg3+ 39. Kh1 Rxg2 40. Qxe5+ Kxh7 41. Bxg2 f3 42. Qxg3 Nxg3+ 43. Kh2 f2 44. Re7+ Kh6 45. Kxg3 b2 46. Rb7 f1=Q 1-0


[Site "https://www.chess.com"]

[Event "Titled Tuesday Blitz July 26 Late 2022"]
[White "Madaminov, Mukhiddin"]
[Black "Pesotskiy, Mikhail"]
[WhiteFideId "14210703"]
[BlackFideId "34164453"]
[WhiteElo "2011"]
[BlackElo "2010"]
[Result "0-1"]
[Round "04"]
[TimeControl "180+1"]
[Date "2022.07.27"]
[WhiteClock "0:00:20"]
[BlackClock "0:00:14"]

1. d4 Nf6 2. c4 e6 3. Nc3 Bb4 4. e3 b6 5. Bd3 Bb7 6. Ne2 Bxg2 7. Rg1 Be4 8. a3 Bxc3+ 9. Nxc3 Bg6 10. e4 d6 11. Bg5 Nbd7 12. f4 e5 13. fxe5 dxe5 14. d5 a6 15. Qe2 Nc5 16. Bc2 Qd6 17. h4 h6 18. Bxf6 Qxf6 19. O-O-O Qxh4 20. b4 Nd7 21. d6 c6 22. Ba4 b5 23. Bb3 O-O-O 24. cxb5 axb5 25. Bd5 Nb8 26. Bxc6 Nxc6 27. Qxb5 Nd4 28. Rxd4 exd4 29. Qc6+ Kb8 30. Qb6+ Ka8 31. Nd5 Rc8+ 32. Kb2 Qf2+ 33. Kb3 Qc2# 0-1


[Site "https://www.chess.com"]

[Event "Titled Tuesday Blitz July 26 Late 2022"]
[White "Makarian, Rudik"]
[Black "Yedidia, Daniel"]
[WhiteFideId "44105681"]
[BlackFideId "30905907"]
[WhiteElo "2403"]
[BlackElo "2542"]
[Result "1-0"]
[Round "04"]
[TimeControl "180+1"]
[Date "2022.07.26"]
[WhiteClock "0:01:14"]
[BlackClock "0:00:02"]

1. d3 e5 2. g3 Nf6 3. c4 c6 4. Nf3 Bd6 5. Nc3 O-O 6. Bg5 Bc7 7. Bg2 h6 8. Bxf6 Qxf6 9. O-O Re8 10. b4 a5 11. b5 d6 12. Rb1 Bf5 13. Nd2 Qe7 14. Qa4 Bd7 15. bxc6 bxc6 16. Rb7 Na6 17. Bxc6 Nc5 18. Rxc7 Nxa4 19. Rxd7 Qxd7 20. Bxd7 Nxc3 21. Bxe8 Rxe8 22. Ne4 Nxe2+ 23. Kg2 Rd8 24. Re1 Nd4 25. Rb1 f5 26. Nc3 Nc2 27. Nd5 Re8 28. Ne3 Nd4 29. Rb6 f4 30. Nd5 f3+ 31. Kh3 e4 32. dxe4 Rxe4 33. Rxd6 Ne2 34. Nf4 Ng1+ 35. Kg4 g5 36. Kf5 Rxc4 37. Nh5 Kf7 38. Rd7+ Kf8 39. Nf6 Nh3 40. Kg6 1-0


[Site "https://www.chess.com"]

[Event "Titled Tuesday Blitz July 26 Late 2022"]
[White "Malicka, Maria"]
[Black "Roberson, Peter T"]
[WhiteFideId "1197576"]
[BlackFideId "412384"]
[WhiteElo "1822"]
[BlackElo "2346"]
[Result "1/2-1/2"]
[Round "04"]
[TimeControl "180+1"]
[Date "2022.07.27"]
[WhiteClock "0:00:03"]
[BlackClock "0:00:05"]

1. e4 c6 2. Ne2 d5 3. exd5 cxd5 4. d4 Nf6 5. Bf4 Nc6 6. c3 e6 7. Nd2 Bd6 8. Nf3 O-O 9. Qd2 Re8 10. Bxd6 Qxd6 11. Ng3 e5 12. Be2 e4 13. Ng1 g6 14. h4 h5 15. Nh3 Bxh3 16. Rxh3 Rab8 17. Qg5 Kh7 18. Nf1 b5 19. a3 a5 20. Ne3 b4 21. g4 bxc3 22. bxc3 Rb2 23. gxh5 Rxe2+ 24. Kxe2 Nxh5 25. Rhh1 Rb8 26. Rac1 Nd8 27. Rhg1 Ne6 28. Qg4 Nef4+ 29. Kf1 Nd3 30. Rd1 Rb2 31. Rg2 Nhf4 32. Rh2 Nh5 33. Kg1 Ndf4 34. c4 dxc4 35. Nxc4 Qb8 36. Ne5 Rb7 37. d5 Qd6 38. Nc4 Qc5 39. Ne3 f5 40. Qg5 Qxa3 41. d6 Rd7 42. Nc4 Qb4 43. Ne5 Qb3 44. Rf1 Rg7 45. d7 Ne2+ 46. Kh1 Rxd7 47. Nxd7 Qf3+ 48. Qg2 Qf4 49. Nc5 Nd4 50. Qg5 Qf3+ 51. Qg2 Qf4 52. Nd7 Nf3 53. Rh3 a4 54. Rb1 a3 55. Ra1 Qd2 56. Rxf3 exf3 57. Qxf3 Qxd7 58. Rxa3 Qe7 59. Ra8 Qxh4+ 60. Kg1 Qg5+ 61. Qg2 Qc1+ 62. Kh2 Qf4+ 63. Kg1 Qc1+ 64. Kh2 Qf4+ 65. Kg1 Qc1+ 1/2-1/2


[Site "https://www.chess.com"]

[Event "Titled Tuesday Blitz July 26 Late 2022"]
[White "Martin Carmona, Gaston Manuel"]
[Black "Matinian, Nikita"]
[WhiteFideId "22284567"]
[BlackFideId "24129100"]
[WhiteElo "2162"]
[BlackElo "2422"]
[Result "0-1"]
[Round "04"]
[TimeControl "180+1"]
[Date "2022.07.26"]
[WhiteClock "0:00:03"]
[BlackClock "0:01:45"]

1. e4 c5 2. Nf3 d6 3. d4 cxd4 4. Nxd4 Nf6 5. Nc3 g6 6. Be3 Bg7 7. f3 O-O 8. Qd2 Nc6 9. O-O-O d5 10. exd5 Nxd5 11. Nxc6 bxc6 12. Bd4 e5 13. Bc5 Be6 14. Ne4 Qc7 15. h4 h6 16. g4 Rfd8 17. Qf2 Qa5 18. Ba3 Nb4 19. Rxd8+ Rxd8 20. Bxb4 Qxa2 21. Bd6 f5 22. gxf5 gxf5 23. Rg1 fxe4 24. Qg3 Qa1+ 25. Kd2 Rxd6+ 26. Bd3 Rxd3+ 27. cxd3 Qxb2+ 28. Kd1 Bb3+ 29. Ke1 Qc3+ 30. Kf2 Qd2+ 31. Kf1 Qxd3+ 32. Kf2 Qxf3+ 33. Qxf3 exf3 34. Kxf3 Bd5+ 35. Ke3 Kf7 36. Ra1 Bf6 37. Rxa7+ Kg6 38. Ra4 e4 39. Ra8 Bxh4 40. Rf8 Bg5+ 41. Kd4 e3 42. Re8 h5 0-1


[Site "https://www.chess.com"]

[Event "Titled Tuesday Blitz July 26 Late 2022"]
[White "Martinez Alcantara, Jose Eduardo"]
[Black "Maksimovic, Bojan"]
[WhiteFideId "3805662"]
[BlackFideId "14408120"]
[WhiteElo "2703"]
[BlackElo "2453"]
[Result "1/2-1/2"]
[Round "04"]
[TimeControl "180+1"]
[Date "2022.07.26"]
[WhiteClock "0:00:08"]
[BlackClock "0:00:06"]

1. e4 e5 2. Nf3 Nf6 3. d4 Nxe4 4. Bd3 Nc6 5. dxe5 Nc5 6. Bc4 d6 7. O-O Be6 8. Bxe6 Nxe6 9. exd6 Bxd6 10. Nc3 O-O 11. Be3 Bc5 12. Bxc5 Nxc5 13. Qd5 Qxd5 14. Nxd5 Ne6 15. Rad1 Rfd8 16. c3 Kf8 17. c4 Ne7 18. g3 c6 19. Ne3 Rxd1 20. Rxd1 Rd8 21. Re1 Nd4 22. Nxd4 Rxd4 23. Re2 a5 24. b3 Nc8 25. c5 a4 26. bxa4 Rxa4 27. Rb2 Ra7 28. Nc4 Ke7 29. Re2+ Kf8 30. Ne5 f6 31. Nc4 Ra4 32. Rc2 Rb4 33. Kg2 Ne7 34. Nd6 b6 35. cxb6 Rxb6 36. a4 Ra6 37. Ra2 Nd5 38. a5 Ke7 39. Nc4 Kd7 40. Re2 Ra8 41. h4 h5 42. Rd2 Rb8 43. Nb6+ Ke6 44. Nxd5 cxd5 45. Ra2 Kd6 46. a6 Ra8 47. Kf3 Kc5 48. Ke3 Kc4 49. Ra4+ Kc3 50. Ke2 Ra7 51. Ra5 d4 52. Ra3+ Kc2 53. Ra2+ Kc3 54. Kd1 Kd3 55. Ra3+ Ke4 56. Kd2 d3 57. Ra4+ Kf3 58. Kxd3 Kxf2 59. Kd4 Kxg3 60. Kc5 f5 61. Kb6 Rxa6+ 62. Kxa6 f4 63. Kb5 f3 64. Ra7 f2 65. Rxg7+ Kxh4 66. Rf7 Kg3 67. Rg7+ Kh2 68. Rf7 Kg2 69. Rg7+ Kh2 70. Rf7 Kg2 71. Rg7+ Kh2 1/2-1/2


[Site "https://www.chess.com"]

[Event "Titled Tuesday Blitz July 26 Late 2022"]
[White "Medeiros Jr, Francisco De Assis"]
[Black "Vlassov, Nikolai"]
[WhiteFideId "2114267"]
[BlackFideId "4103360"]
[WhiteElo "2020"]
[BlackElo "2324"]
[Result "1-0"]
[Round "04"]
[TimeControl "180+1"]
[Date "2022.07.27"]
[WhiteClock "0:00:09"]
[BlackClock "0:00:10"]

1. d4 Nf6 2. Nf3 e6 3. Bg5 h6 4. Bh4 c5 5. c3 b6 6. Nbd2 Bb7 7. e3 Be7 8. Bd3 g5 9. Bg3 g4 10. Nh4 h5 11. O-O Ng8 12. Be5 Rh6 13. g3 Bxh4 14. gxh4 Qxh4 15. dxc5 bxc5 16. Bf4 Rf6 17. Be4 d5 18. Qb3 Bc6 19. Bxb8 dxe4 20. Nc4 Ne7 21. Na5 Qh3 22. Nxc6 Nxc6 23. Qb7 Rxb8 24. Qxc6+ Kf8 25. Qxc5+ Kg8 26. Qe5 h4 27. Qxf6 Rxb2 28. Rad1 Rb8 29. Rd8+ Rxd8 30. Qxd8+ Kg7 31. Qg5+ Kh7 32. Qf4 f5 33. Rd1 Kg6 34. Rd6 Kf6 35. Qh6+ 1-0


[Site "https://www.chess.com"]

[Event "Titled Tuesday Blitz July 26 Late 2022"]
[White "Melikyan, Gnel"]
[Black "Leenhouts, Koen"]
[WhiteFideId "54109990"]
[BlackFideId "1008439"]
[WhiteElo "1772"]
[BlackElo "2409"]
[Result "1-0"]
[Round "04"]
[TimeControl "180+1"]
[Date "2022.07.27"]
[WhiteClock "0:00:07"]
[BlackClock "0:00:06"]

1. e4 e5 2. Nf3 Nf6 3. Nc3 Bb4 4. Nxe5 O-O 5. Nd3 Bxc3 6. dxc3 Nxe4 7. Be2 d5 8. O-O Bf5 9. Re1 c6 10. f3 Nf6 11. Nf4 Nbd7 12. Bd3 Bxd3 13. cxd3 Qb6+ 14. d4 Rfe8 15. Nd3 Rxe1+ 16. Qxe1 Re8 17. Qf2 Qb5 18. Qf1 c5 19. Nxc5 Qc6 20. Nxd7 Nxd7 21. Bf4 Nb6 22. Re1 Nc4 23. Rxe8+ Qxe8 24. b3 Nb6 25. Kf2 Qc6 26. Qe2 h6 27. Bd2 Qd7 28. Qe5 a6 29. h4 Nc8 30. Bf4 Ne7 31. h5 Nc6 32. Qe3 Qf5 33. g4 Qd7 34. Kg3 b5 35. Qe2 Nd8 36. Qe5 Ne6 37. Qb8+ Kh7 38. Qd6 Qc8 39. Qxd5 Qxc3 40. Qe4+ Kg8 41. d5 Nc5 42. Qe8+ Kh7 43. d6 Qd4 44. Qe3 Qd5 45. Qe5 Qc6 46. Qf5+ Kg8 47. Be5 Nd7 48. Bd4 Qxd6+ 49. Qf4 Qd5 50. Qe4 Qd6+ 51. Qf4 Qc6 52. Qe4 Qxe4 53. fxe4 f6 54. Kf4 Kf7 55. e5 Ke6 56. exf6 gxf6 57. b4 Nb8 58. Ke4 Nc6 59. Bc3 Ne7 60. Kd4 Nd5 61. Bd2 Nb6 62. Bxh6 Nc4 63. Bf4 Na3 64. Kc5 Nc2 65. Bd2 Na3 66. Bc1 Nc4 67. a4 Ne5 68. axb5 axb5 69. g5 fxg5 70. Bxg5 Kf5 71. Bc1 Kg4 72. h6 Nf7 73. Kxb5 Kf5 74. Kc6 Kg6 75. b5 Ne5+ 76. Kc5 Nd3+ 77. Kd6 Nxc1 78. b6 Ne2 79. b7 Nc3 80. b8=Q Ne4+ 81. Ke5 Ng5 82. Qd6+ Kh7 83. Kf5 Nf7 84. Qg6+ Kh8 85. Qg7# 1-0


[Site "https://www.chess.com"]

[Event "Titled Tuesday Blitz July 26 Late 2022"]
[White "Meshkovs, Nikita"]
[Black "Khripachenko, Alexander"]
[WhiteFideId "11602740"]
[BlackFideId "54184975"]
[WhiteElo "2506"]
[BlackElo "2147"]
[Result "1-0"]
[Round "04"]
[TimeControl "180+1"]
[Date "2022.07.26"]
[WhiteClock "0:00:36"]
[BlackClock "0:00:24"]

1. c4 e5 2. Nc3 Bb4 3. Nd5 Be7 4. e3 Nf6 5. Nf3 d6 6. d4 Nxd5 7. cxd5 Nd7 8. Bb5 c6 9. Ba4 Qa5+ 10. Bd2 Qxd5 11. Bb3 Qe4 12. Bc3 O-O 13. O-O exd4 14. exd4 Qg4 15. h3 Qh5 16. d5 Nc5 17. Re1 Nxb3 18. axb3 Re8 19. Qd4 Qg6 20. dxc6 bxc6 21. Rxa7 Rxa7 22. Qxa7 Bxh3 23. Nh4 Qg5 24. Rxe7 Qxe7 25. Qxe7 Rxe7 26. gxh3 f6 27. b4 d5 28. Nf5 Re4 29. Nd4 h5 30. Nxc6 g5 31. b5 Re6 32. Bd4 g4 33. hxg4 hxg4 34. b6 1-0


[Site "https://www.chess.com"]

[Event "Titled Tuesday Blitz July 26 Late 2022"]
[White "Mica, Marek"]
[Black "Clawitter, Craig"]
[WhiteFideId "382884"]
[BlackFideId "2023105"]
[WhiteElo "2100"]
[BlackElo "2199"]
[Result "1-0"]
[Round "04"]
[TimeControl "180+1"]
[Date "2022.07.27"]
[WhiteClock "0:00:14"]
[BlackClock "0:00:11"]

1. d4 e6 2. c4 Nf6 3. Nf3 d5 4. g3 Be7 5. Bg2 O-O 6. O-O dxc4 7. Qc2 a6 8. a4 Bd7 9. Qxc4 Bc6 10. Bf4 Nbd7 11. Nc3 Nb6 12. Qb3 a5 13. Rfd1 Nbd5 14. Bd2 Nb4 15. Rac1 Bd6 16. Bg5 h6 17. Bxf6 Qxf6 18. e4 Qg6 19. d5 exd5 20. exd5 Bd7 21. Nd4 Nd3 22. Ra1 Nc5 23. Qc4 Rae8 24. Ncb5 b6 25. Nc6 Bg4 26. Re1 Kh7 27. Nxd6 cxd6 28. Qb5 Nd3 29. Rxe8 Rxe8 30. Qxb6 Re2 31. Rf1 Rxb2 32. Qxa5 Be2 33. Qc3 Bxf1 34. Bxf1 Rb1 35. Kg2 Qe4+ 36. f3 Qe1 37. Bxd3+ g6 38. Qxe1 Rxe1 39. a5 Ra1 40. a6 Kg7 41. a7 f5 42. f4 Kf8 43. h3 Ke8 44. g4 Kd7 45. gxf5 gxf5 46. Bxf5+ Kc7 47. Kg3 Kb7 48. Kg4 Rxa7 49. Nxa7 Kxa7 50. Be6 Kb6 51. f5 Kc7 52. f6 Kd8 53. Kh5 Ke8 54. Kxh6 Kf8 55. Kg6 Ke8 56. Kg7 Kd8 57. f7 Kc7 58. f8=Q Kb6 59. Qxd6+ 1-0


[Site "https://www.chess.com"]

[Event "Titled Tuesday Blitz July 26 Late 2022"]
[White "Mogranzini, Roberto"]
[Black "Leiva, Gianmarco"]
[WhiteFideId "810894"]
[BlackFideId "3804399"]
[WhiteElo "2469"]
[BlackElo "2323"]
[Result "0-1"]
[Round "04"]
[TimeControl "180+1"]
[Date "2022.07.26"]
[WhiteClock "0:00:58"]
[BlackClock "0:00:17"]

1. e4 c5 2. Nf3 d6 3. Nc3 a6 4. a4 Nc6 5. g3 Bg4 6. Bg2 e6 7. h3 Bh5 8. O-O Nf6 9. d3 Be7 10. Ne2 d5 11. exd5 Nxd5 12. Nf4 Nxf4 13. Bxf4 O-O 14. Re1 Bf6 15. c3 Bg6 16. Bf1 Qd5 17. Qe2 Rfd8 18. Red1 b5 19. axb5 axb5 20. Rxa8 Rxa8 21. Ne1 Qd7 22. Bg2 Ra2 23. Bc1 Bxc3 24. Qf3 Nd4 25. Qe3 Bxb2 26. Bxb2 Rxb2 27. Qe5 h5 28. Qxc5 Ne2+ 29. Kf1 Qd4 30. Qxd4 Nxd4 31. Ra1 Kf8 32. Ra7 Rb1 33. Be4 Bxe4 34. dxe4 Nc2 0-1


[Site "https://www.chess.com"]

[Event "Titled Tuesday Blitz July 26 Late 2022"]
[White "Mortazavi, Ali"]
[Black "Wagner, Dennis"]
[WhiteFideId "401323"]
[BlackFideId "24650684"]
[WhiteElo "2339"]
[BlackElo "2355"]
[Result "0-1"]
[Round "04"]
[TimeControl "180+1"]
[Date "2022.07.26"]
[WhiteClock "0:00:09"]
[BlackClock "0:00:34"]

1. Nf3 g6 2. e4 Bg7 3. d4 d6 4. Nc3 Nf6 5. Be3 c6 6. Qd2 b5 7. Bd3 Nbd7 8. Bh6 Bxh6 9. Qxh6 e5 10. h3 Nh5 11. a4 b4 12. Ne2 Qf6 13. O-O a5 14. Rad1 Nb6 15. b3 Bxh3 16. dxe5 dxe5 17. Qe3 Bg4 18. Qxb6 Bxf3 19. gxf3 Qg5+ 20. Kh2 Qh4+ 21. Kg2 Qg5+ 22. Ng3 Nf4+ 23. Kg1 O-O 24. Rfe1 h5 25. Kh2 Qh4+ 26. Kg1 Nh3+ 27. Kf1 Nf4 28. Kg1 Qg5 29. Bf1 h4 30. Kh2 hxg3+ 31. fxg3 Kg7 32. Qg1 Rh8+ 0-1


[Site "https://www.chess.com"]

[Event "Titled Tuesday Blitz July 26 Late 2022"]
[White "Nagy, Gabor"]
[Black "Oparin, Grigoriy"]
[WhiteFideId "737119"]
[BlackFideId "24125890"]
[WhiteElo "2530"]
[BlackElo "2639"]
[Result "0-1"]
[Round "04"]
[TimeControl "180+1"]
[Date "2022.07.26"]
[WhiteClock "0:00:22"]
[BlackClock "0:00:33"]

1. c4 Nf6 2. Nc3 c5 3. g3 e6 4. Bg2 d5 5. cxd5 exd5 6. d3 d4 7. Ne4 Nxe4 8. Bxe4 Be7 9. Bg2 O-O 10. Nf3 Nc6 11. O-O Re8 12. Bf4 Bg4 13. Rc1 Qd7 14. Qa4 Rac8 15. Rfe1 b6 16. a3 Bf8 17. Rc2 h6 18. h4 Re6 19. b4 Qe8 20. bxc5 Bxc5 21. Qa6 Bf5 22. Nd2 Rxe2 23. Rxe2 Qxe2 24. Be4 Qd1+ 25. Kg2 Qxc2 26. Bxf5 Rf8 27. Qb7 Ne7 28. Be4 Ng6 29. Bxg6 fxg6 30. Be5 Rf7 31. Qc8+ Kh7 32. Ne4 Qxd3 33. Qc6 Qf3+ 34. Kg1 d3 35. Bf4 Bxf2+ 36. Kh2 Rxf4 37. gxf4 Bg3+ 38. Kg1 Qxf4 39. Qd5 Qe3+ 40. Kg2 Bxh4 41. Nd6 d2 42. Nc4 Qe2+ 43. Kh3 d1=Q 0-1


[Site "https://www.chess.com"]

[Event "Titled Tuesday Blitz July 26 Late 2022"]
[White "Nakamura, Hikaru"]
[Black "Manukian, Artak"]
[WhiteFideId "2016192"]
[BlackFideId "13301373"]
[WhiteElo "2850"]
[BlackElo "2355"]
[Result "1-0"]
[Round "04"]
[TimeControl "180+1"]
[Date "2022.07.26"]
[WhiteClock "0:01:54"]
[BlackClock "0:01:18"]

1. g3 d5 2. Bg2 c6 3. d3 Nf6 4. Nd2 Bg4 5. f3 Bh5 6. e4 e5 7. Qe2 Nbd7 8. g4 Bg6 9. f4 exf4 10. exd5+ Be7 11. d6 Nxg4 12. Nc4 Nge5 13. dxe7 Qxe7 14. Nxe5 Nxe5 15. Bxf4 f6 16. d4 Qb4+ 17. c3 1-0


[Site "https://www.chess.com"]

[Event "Titled Tuesday Blitz July 26 Late 2022"]
[White "Nozdrachev, Leonid"]
[Black "Ai, Evan"]
[WhiteFideId "24113433"]
[BlackFideId "2094770"]
[WhiteElo "2100"]
[BlackElo "1963"]
[Result "1-0"]
[Round "04"]
[TimeControl "180+1"]
[Date "2022.07.27"]
[WhiteClock "0:00:05"]
[BlackClock "0:00:05"]

1. e4 e5 2. Nf3 Nc6 3. Bc4 Bc5 4. d3 Nf6 5. Bg5 h6 6. Bh4 g5 7. Bg3 d6 8. h4 g4 9. Nfd2 Nh5 10. Nf1 Qf6 11. Qd2 Nf4 12. Bxf4 exf4 13. Nc3 Ne5 14. Nd5 Qd8 15. Qxf4 Nxc4 16. Nf6+ Kf8 17. dxc4 Bd4 18. Nxg4 Bxb2 19. Rd1 h5 20. Nge3 Be6 21. Ng3 Bc3+ 22. Kf1 Be5 23. Qf3 Bxg3 24. Qxg3 Qf6 25. c5 dxc5 26. Qxc7 Rc8 27. Qd6+ Kg7 28. e5 Qg6 29. Qe7 Bxa2 30. c4 Rhe8 31. Qxb7 Rcd8 32. Qb2 Rxd1+ 33. Nxd1 Bxc4+ 34. Kg1 Bd5 35. Ne3 Be6 36. Kh2 Qe4 37. Qc3 Qxh4+ 38. Kg1 Qd4 39. Qc2 Qxe5 40. g4 Bxg4 41. Nxg4 hxg4 42. Qh7+ Kf6 43. Rh6+ Ke7 44. Qd3 Qe1+ 45. Kg2 Qe5 46. Ra6 Rd8 47. Rxa7+ Ke8 48. Qh7 Qd5+ 49. Kg1 Qd1+ 50. Kh2 g3+ 51. Kxg3 Rd3+ 52. Kh2 Rh3+ 53. Qxh3 Qd6+ 54. Qg3 Qh6+ 55. Kg2 Qc6+ 56. Qf3 Qg6+ 57. Kh1 Qh6+ 58. Kg1 Qc1+ 59. Kg2 Qg5+ 60. Kf1 Qc1+ 61. Ke2 Qc2+ 62. Ke3 Qc3+ 63. Ke4 Qd4+ 64. Kf5 Kf8 65. Ra8+ Ke7 66. Qe4+ 1-0


[Site "https://www.chess.com"]

[Event "Titled Tuesday Blitz July 26 Late 2022"]
[White "Ovezdurdyyeva, Jemal"]
[Black "Gaisinsky, Adam"]
[WhiteFideId "14001888"]
[BlackFideId "2620561"]
[WhiteElo "1946"]
[BlackElo "1965"]
[Result "0-1"]
[Round "04"]
[TimeControl "180+1"]
[Date "2022.07.27"]
[WhiteClock "0:00:02"]
[BlackClock "0:00:11"]

1. e4 e5 2. Nf3 Nc6 3. Bb5 a6 4. Ba4 Nf6 5. O-O Be7 6. c3 Nxe4 7. Re1 Nc5 8. Bxc6 dxc6 9. Nxe5 Nd3 10. Nxd3 Qxd3 11. Re3 Qg6 12. d4 Be6 13. Rg3 Qf5 14. Nd2 O-O-O 15. Qf3 Bf6 16. Nb3 Rhe8 17. Bg5 Qxf3 18. gxf3 Bxg5 19. Rxg5 g6 20. Kg2 Bd5 21. Nc5 f6 22. Rg3 Re2 23. b3 Bf7 24. Ne4 f5 25. Ng5 Bg8 26. f4 Rde8 27. Nf3 Rc2 28. Ne5 Bd5+ 29. Kf1 a5 30. Re3 a4 31. bxa4 b6 32. Ke1 Kb7 33. a3 Ra8 34. Nd3 Rxa4 35. Nb4 Rb2 36. Re7 Bc4 37. Rxh7 c5 38. dxc5 bxc5 39. Rg7 cxb4 40. cxb4 Re2+ 41. Kd1 Rxf2 42. Rxg6 Rf1+ 43. Kc2 Rxa1 0-1


[Site "https://www.chess.com"]

[Event "Titled Tuesday Blitz July 26 Late 2022"]
[White "Pakleza, Zbigniew"]
[Black "Silva, Miguel Antonio Neto"]
[WhiteFideId "1119290"]
[BlackFideId "1911929"]
[WhiteElo "2467"]
[BlackElo "2223"]
[Result "1-0"]
[Round "04"]
[TimeControl "180+1"]
[Date "2022.07.27"]
[WhiteClock "0:00:19"]
[BlackClock "0:00:20"]

1. d4 Nf6 2. Nf3 d5 3. Bf4 c5 4. c3 Nc6 5. e3 Qb6 6. Qb3 c4 7. Qc2 Bf5 8. Qc1 e6 9. Nbd2 Be7 10. Nh4 Bg6 11. Nxg6 hxg6 12. h3 Qd8 13. Be2 Bd6 14. Bxd6 Qxd6 15. b3 cxb3 16. axb3 O-O 17. b4 Rfc8 18. O-O Ne7 19. Qb2 a6 20. Nb3 Ne4 21. Nc5 Rc7 22. Nxe4 dxe4 23. c4 Rac8 24. b5 axb5 25. Qxb5 Nf5 26. Rfb1 Qe7 27. Ra7 Nd6 28. Qb4 Nxc4 29. Bxc4 Qxb4 30. Rxb4 Rxc4 31. Rbxb7 Rc1+ 32. Kh2 Rf8 33. h4 Rcc8 34. g4 Rb8 35. Rd7 Ra8 36. Kg3 Rxa7 37. Rxa7 Rc8 38. Ra5 f5 39. Ra7 Rc1 40. g5 Rg1+ 41. Kf4 Rg4+ 42. Ke5 Rxh4 43. Kxe6 Rg4 44. d5 Rg2 45. d6 Rxf2 46. d7 Rd2 47. Ra8+ Kh7 48. d8=Q 1-0


[Site "https://www.chess.com"]

[Event "Titled Tuesday Blitz July 26 Late 2022"]
[White "Pfreundt, Jakob"]
[Black "Todorovic, Bojan"]
[WhiteFideId "12918156"]
[BlackFideId "917087"]
[WhiteElo "2345"]
[BlackElo "2266"]
[Result "0-1"]
[Round "04"]
[TimeControl "180+1"]
[Date "2022.07.27"]
[WhiteClock "0:00:02"]
[BlackClock "0:00:35"]

1. Nf3 Nf6 2. d4 g6 3. g3 Bg7 4. Bg2 O-O 5. O-O c6 6. c3 d6 7. Nbd2 Qa5 8. h3 e5 9. dxe5 dxe5 10. e4 Qc7 11. a4 a5 12. Qc2 Na6 13. Nc4 Nh5 14. Be3 f5 15. Nb6 Rb8 16. Qb3+ Kh8 17. Nxc8 Rbxc8 18. Ng5 f4 19. Bb6 Qe7 20. Ne6 Qf7 21. Kh2 f3 22. Bh1 Rce8 23. Nc5 Nxc5 24. Qxf7 Rxf7 25. Bxc5 Bf8 26. Bxf8 Rexf8 27. Rfd1 Ng7 28. Rd3 Ne6 29. h4 Nc5 30. Re3 Rd8 31. Rxf3 Rxf3 32. Bxf3 Rd2 33. Kg2 Nd3 34. Rf1 Rxb2 35. h5 Kg7 36. hxg6 hxg6 37. Bg4 Nc5 38. Rd1 Nxe4 39. Rd7+ Kf6 40. Kg1 Nxf2 41. Bf3 e4 42. Bg2 e3 43. Rd8 Ng4 44. Re8 e2 0-1


[Site "https://www.chess.com"]

[Event "Titled Tuesday Blitz July 26 Late 2022"]
[White "Pham, Khoi"]
[Black "Aaron, Deepak"]
[WhiteFideId "1054988"]
[BlackFideId "2009412"]
[WhiteElo "2313"]
[BlackElo "2642"]
[Result "0-1"]
[Round "04"]
[TimeControl "180+1"]
[Date "2022.07.27"]
[WhiteClock "0:00:43"]
[BlackClock "0:00:45"]

1. d4 e6 2. c4 f5 3. Nc3 Nf6 4. Nf3 Bb4 5. g3 Bxc3+ 6. bxc3 Nc6 7. Bg2 Rb8 8. O-O O-O 9. Ba3 Re8 10. Nd2 Na5 11. c5 b6 12. Nb3 Nc4 13. Bc1 Ba6 14. Nd2 Qc8 15. Qa4 Nxd2 16. Bxd2 Bxe2 17. Rfe1 Bd3 18. c6 d6 19. Qxa7 Ba6 20. a4 Ra8 21. Qb7 Qd8 22. a5 Bxb7 23. cxb7 Rxa5 24. Rxa5 bxa5 25. Ra1 c5 26. c4 Ne4 27. Rxa5 Qc7 28. Ra8 Rb8 0-1


[Site "https://www.chess.com"]

[Event "Titled Tuesday Blitz July 26 Late 2022"]
[White "Pinheiro, Iung Alicio de O."]
[Black "Suder, Jakub"]
[WhiteFideId "2104350"]
[BlackFideId "1195310"]
[WhiteElo "2283"]
[BlackElo "2071"]
[Result "0-1"]
[Round "04"]
[TimeControl "180+1"]
[Date "2022.07.27"]
[WhiteClock "0:00:01"]
[BlackClock "0:00:05"]

1. e4 c5 2. Nf3 Nc6 3. c3 Nf6 4. e5 Nd5 5. Bc4 Nb6 6. Bb3 d5 7. exd6 Qxd6 8. O-O c4 9. Bc2 Bg4 10. h3 Bh5 11. Re1 e6 12. a4 Rd8 13. a5 Nd5 14. d4 cxd3 15. Qxd3 Nf4 16. Qe3 Bg6 17. Bxg6 Nxg6 18. Na3 a6 19. Nc4 Qc5 20. Qe2 Be7 21. b4 Qb5 22. Be3 O-O 23. Bb6 Rd7 24. g3 Rc8 25. Rac1 Bf6 26. Nfd2 Bd8 27. Bc5 Bc7 28. Ne4 Rcd8 29. h4 h6 30. Bb6 Bxb6 31. Nxb6 Qxe2 32. Rxe2 Rd1+ 33. Rxd1 Rxd1+ 34. Kg2 Nge7 35. Nc5 Nd8 36. Kf3 Kf8 37. Nbd7+ Ke8 38. Ne5 Nd5 39. Ned3 Nxc3 40. Rc2 Nd5 41. Rb2 Nc6 42. Ke2 Nc3+ 43. Ke3 Nd5+ 44. Ke2 Nc3+ 45. Ke3 Nd8 46. Ne5 f6 47. Nc4 Nd5+ 48. Ke2 Nc3+ 49. Ke3 e5 50. Nd2 Nd5+ 51. Ke2 Nc3+ 52. Kd3 Nb5 53. Kc2 Re1 54. Nde4 Re2+ 55. Kb1 Rxb2+ 56. Kxb2 f5 57. Nd2 Ke7 58. Nc4 e4 59. Kc2 g5 60. hxg5 hxg5 61. Kd2 Nc6 62. g4 fxg4 63. Nxe4 Nxb4 64. Nxg5 Kf6 65. Ne4+ Kf5 66. Nc5 Kf4 67. Ke2 Nd4+ 68. Kf1 Nbc6 69. Nxb7 Nb3 70. Kg2 Ne5 71. Nbd6 Nc5 72. Kf1 Nxc4 73. Nxc4 Ke4 74. Kg2 Kd4 75. Nd6 Kc3 76. Kg3 Kb4 77. Kxg4 Kxa5 78. f4 Kb4 79. Nf5 a5 80. Nd4 a4 81. f5 Kc4 82. Nc2 Kc3 0-1


[Site "https://www.chess.com"]

[Event "Titled Tuesday Blitz July 26 Late 2022"]
[White "Pranav, V"]
[Black "Wieczorek, Oskar"]
[WhiteFideId "25060783"]
[BlackFideId "1133950"]
[WhiteElo "2380"]
[BlackElo "2330"]
[Result "1-0"]
[Round "04"]
[TimeControl "180+1"]
[Date "2022.07.26"]
[WhiteClock "0:01:42"]
[BlackClock "0:01:26"]

1. d4 Nf6 2. Nc3 d5 3. Bf4 a6 4. e3 e6 5. Nf3 Bb4 6. Bd3 c5 7. dxc5 Qa5 8. O-O Bxc3 9. bxc3 Qxc5 10. Rb1 Nc6 11. Qe2 O-O 12. c4 dxc4 13. Bxc4 h6 14. Bg3 Ne4 15. Qd3 Nxg3 16. hxg3 b5 17. Bb3 Bb7 18. a4 Rfd8 19. Qe2 Rab8 20. axb5 axb5 21. Rfd1 Na5 22. Nd4 Nxb3 23. Rxb3 Qd5 24. Qf1 e5 25. Rxb5 Qd7 26. Rxe5 1-0


[Site "https://www.chess.com"]